 Dungeon Crawl Stone Soup version 0.29.0-7-g18a832c13a (webtiles) character file.

Game seed: 1443341456977941593

136553 SnakkuSnakku7 the Black Crusader (level 17, -7/133 HPs)
             Began as a Merfolk Air Elementalist on Aug 30, 2022.
             Was a Believer of Yredelemnul.
             Mangled by a salamander
             ... wielding a +0 halberd
              (12 damage)
             ... on level 4 of the Snake Pit on Aug 31, 2022.
             The game lasted 00:49:27 (32617 turns).

SnakkuSnakku7 the Black Crusader (MfAE)            Turns: 32617, Time: 00:49:27

Health: -7/133     AC: 27    Str: 13    XL:     17   Next: 21%
Magic:  21/30      EV: 24    Int: 14    God:    Yredelemnul [**....]
Gold:   609        SH:  6    Dex: 20    Spells: 20/20 levels left

rFire   + . .      SeeInvis +   a - +6 double sword
rCold   . . .      Faith    +   T - +0 buckler
rNeg    . . .      Spirit   .   G - +4 ring mail "Coiguzeg" {Contam rPois Will+ Str+2}
rPois   +          Reflect  .   e - +3 helmet of Somewhere Else {SInv Stlth+}
rElec   +          Harm     .   W - +1 cloak of Starlight {*Dazzle EV+4 Stlth--}
rCorr   .          Rampage  .   n - +2 pair of gloves
Will    +++..                   M - +0 pair of boots
Stlth   +.........              p - amulet of faith
HPRegen 0.32/turn               y - +4 ring of protection
MPRegen 0.22/turn               F - ring "Raned" {rElec rF+ Will+}

@: weakened
A: (nimble swimmer 2), mertail
a: Renounce Religion, Recall Undead Harvest, Dark Bargain


You were on level 4 of the Snake Pit.
You worshipped Yredelemnul.
Yredelemnul was most pleased with you.
You visited 5 branches of the dungeon, and saw 27 of its levels.

You collected 2063 gold pieces.
You spent 1454 gold pieces at shops.

Inventory:

Hand Weapons
 a - a +6 double sword (weapon)
 b - a +2 scimitar of flaming
Missiles
 A - 23 poisoned darts
 D - 4 throwing nets
 V - 5 curare-tipped darts
Armour
 e - the +3 helmet of Somewhere Else (worn) {SInv Stlth+}
   (You acquired it on level 2 of the Lair of Beasts)

   SInv:      It lets you see invisible.
   Stlth:     It makes you more stealthy.
 n - a +2 pair of gloves (worn)
 G - the +4 ring mail "Coiguzeg" (worn) {Contam rPois Will+ Str+2}
   (You found it on level 9 of the Dungeon)

   Str:       It affects your strength (+2).
   rPois:     It protects you from poison.
   Contam:    It causes magical contamination when unequipped.
   Will:      It increases your willpower.
 M - a +0 pair of boots (worn)
 T - a +0 buckler (worn)
 U - a +4 plate armour
 W - the +1 cloak of Starlight (worn) {*Dazzle EV+4 Stlth--}
   (You bought it in a shop on level 2 of the Orcish Mines)

   It may blind those who miss an attack against the wearer in melee combat.
   EV:        It affects your evasion (+4).
   Stlth:     It makes you much less stealthy.
Jewellery
 p - an amulet of faith (around neck)
 x - a ring of willpower
 y - a +4 ring of protection (left hand)
 F - the ring "Raned" (right hand) {rElec rF+ Will+}
   (You found it on level 9 of the Dungeon)

   [ring of willpower]

   rF:        It protects you from fire.
   rElec:     It insulates you from electricity.
   Will:      It increases your willpower.
 H - a +4 ring of evasion
 I - a ring of poison resistance
 J - a +6 ring of strength
 R - a ring of protection from cold
 Y - a ring of resist corrosion
Wands
 h - a wand of acid (5)
 t - a wand of mindburst (18)
 z - a wand of charming (23)
 C - a wand of digging (26)
 K - a wand of polymorph (9)
 L - a wand of roots (26)
 P - a wand of flame (15)
Scrolls
 j - 7 scrolls of identify
 k - 4 scrolls of vulnerability
 l - 5 scrolls of magic mapping
 q - 3 scrolls of fog
 u - 19 scrolls of teleportation
 v - 3 scrolls of poison
 B - 3 scrolls of blinking
 N - 2 scrolls of summoning
 X - 5 scrolls of fear
Potions
 c - 3 potions of ambrosia
 d - 15 potions of curing
 f - 8 potions of attraction
 g - 2 potions of mutation
 m - 3 potions of brilliance
 o - 2 potions of invisibility
 s - 3 potions of magic
 w - 4 potions of might
 E - 3 potions of flight
 O - 6 potions of heal wounds
 Q - a potion of cancellation
Miscellaneous
 i - a tin of tremorstones (inert)
 S - a condenser vane


   Skills:
 - Level 12.0 Fighting
 - Level 16.0 Long Blades
 - Level 10.0 Armour
 - Level 15.0 Dodging
 - Level 2.1 Stealth
 - Level 5.0 Shields
 - Level 2.7 Unarmed Combat
 - Level 2.0 Spellcasting
 - Level 0.7 Conjurations
 - Level 2.4 Air Magic
 + Level 18.0 Invocations
 - Level 8.0 Evocations


You had 20 spell levels left.
You didn't know any spells.
Your spell library contained the following spells:

 Spells                   Type           Power      Damage    Failure   Level
 Shock                    Conj/Air       20%        1d4       30%         1
 Static Discharge         Conj/Air       5%         3-4/arc   41%         2
 Foxfire                  Conj/Fire      8%         2x1d4     43%         1
 Apportation              Tloc           2%         N/A       50%         1
 Necrotise                Necr           4%         1d4       50%         1
 Summon Small Mammal      Summ           4%         N/A       50%         1
 Swiftness                Air            8%         N/A       54%         3
 Blink                    Tloc           2%         N/A       63%         2
 Mephitic Cloud           Conj/Pois/Air  4%         N/A       73%         3
 Conjure Flame            Conj/Fire      2%         6-21      82%         3
 Gell's Gravitas          Tloc           1%         N/A       86%         3
 Ignite Poison            Fire/Tmut/Pois 1%         N/A       86%         3
 Inner Flame              Hex/Fire       1%         N/A       86%         3
 Lesser Beckoning         Tloc           1%         N/A       86%         3
 Ozocubu's Armour         Ice            1%         N/A       86%         3
 Teleport Other           Tloc           1%         N/A       86%         3
 Airstrike                Air            4%         2d(1-17)  91%         4
 Summon Lightning Spire   Summ/Air       4%         N/A       98%         4
 Flame Wave               Conj/Fire      2%         2d4       99%         4
 Sticky Flame             Conj/Fire      2%         2d3       99%         4
 Alistair's Intoxication  Tmut/Pois      0%         N/A       100%        5
 Freezing Cloud           Conj/Ice/Air   2%         6-21      100%        5
 Manifold Assault         Tloc           1%         N/A       100%        5
 Metabolic Englaciation   Hex/Ice        0%         N/A       100%        5
 Storm Form               Tmut/Air       2%         N/A       100%        7
 Maxwell's Capacitive Co  Air            4%         ∞         100%        8
 Simulacrum               Ice/Necr       Unusable   N/A       N/A         6

Dungeon Overview and Level Annotations

Branches:
Dungeon (15/15)            Temple (1/1) D:6            Lair (5/5) D:10
 Shoals (0/4) Lair:2        Snake (4/4) Lair:2        Slime (0/5) Lair:5
    Orc (2/2) D:12            Elf (0/3) Orc:2        Vaults (0/5) D:13
 Depths (0/4) D:15

Altars:
Ashenzari
Cheibriados
Dithmenos
Elyvilon
Fedhas
Gozag
Hepliaklqana
Kikubaaqudgha
Makhleb
Nemelex Xobeh
Okawaru
Qazlal
Ru
Sif Muna
Trog
Uskayaw
Vehumet
Wu Jian
Xom
Yredelemnul
Zin
The Shining One

Shops:
D:2 *   D:7 (   D:13 [(!?:   Orc:2 ?[?:[

Annotations:
D:12 3 runed translucent doors, Xqipyl's ghost, journeyman GrFE


Innate Abilities, Weirdness & Mutations

((You are very nimble when in or above water. (Stealth+, EV+, Speed+++)))
Your lower body shifts to a powerful aquatic tail in water.


Message History

Something barely misses your naga mage zombie.
The naga completely misses you. The naga closely misses you.
The naga warrior barely misses your naga mage zombie.
The naga warrior grabs your naga mage zombie.
The naga warrior constricts your naga mage zombie.
Your naga mage zombie is destroyed!
You slash the naga!
The naga is severely wounded.
The naga completely misses you. The naga barely misses you.
Unknown command.
You hit the naga.
The naga is severely wounded.
The guardian serpent hits your naga mage zombie!
Unknown command.
You closely miss the naga.
The naga is severely wounded.
The guardian serpent hits your naga mage zombie.
The naga closely misses you. The naga completely misses you.
Unknown command.
You hit the naga but do no damage.
The naga is severely wounded.
The naga spits poison at you. The splash of poison misses you.
The splash of poison hits your salamander tyrant zombie but does no damage.
Unknown command.
You slash the naga!
You kill the naga!
The guardian serpent coils itself and waves its upper body at you.
The naga warrior blinks into view!
The salamander blinks!
The naga warrior blinks!
Your naga mage zombie hits the guardian serpent.
Your naga mage zombie barely misses the guardian serpent.
The naga warrior spits poison at you. The splash of poison misses you.
Your salamander tyrant zombie hits the salamander.
The naga warrior hits you from afar with a +3 trident!!
* * * LOW HITPOINT WARNING * * *
The salamander hits you with a +0 halberd!
You die...
Your body rises from the dead as a mindless zombie.

....... #......#......# ......
.......#.....#
#...............#....#
...............[)...#######
#..##..##.#....)...N.......
##..##...#.#........S))#.... ..
#...##..........#....)...... ..##
#....##.......###§....[..... ...#
#....###...@N##Z§.)?.)...... ..[
####..###.<).ZS....)).......
##.#### #...###.NN.....).[.......
.#'#..# #...#)))..)..............
.'....# #........####............
.')...###........# #............
.#)#Z#.##........# ##..)...###...
##Z##.###.......####...#...# ...
#...#.).##......###..##....####..


You could see 2 naga warriors, a salamander (strong, ally target), a guardian
serpent and a friendly salamander tyrant zombie.

Vanquished Creatures
  Kirke (D:13)
  An orc warlord (Orc:2)
  Azrael (D:15)
  2 dire elephants
  Snorg (Lair:3)
  An ettin (Orc:1)
  Harold (Lair:2)
  6 hydras
  A salamander tyrant (Snake:2)
  2 centaur warriors (D:13)
  A rakshasa (D:15)
  2 catoblepae
  6 two-headed ogres
  6 anacondas
  Erica (D:11)
  3 boulder beetles
  5 naga warriors
  9 death yaks
  2 tengu warriors (D:15)
  Urug (D:13)
  Nergalle (D:12)
  2 orc high priests (Orc:2)
  4 shock serpents
  4 naga sharpshooters
  12 skeletal warriors (D:12)
  A sea snake (shapeshifter) (D:14)
  4 naga ritualists
  5 orc knights
  2 deep elf pyromancers
  2 orc sorcerers (Orc:2)
  12 mana vipers
  4 manticores
  12 salamanders
  4 elephants (Lair:5)
  23 black mambas
  2 centaur zombies (D:13)
  11 naga magi
  A gargoyle (D:10)
  9 cane toads
  4 torpor snails (Lair:1)
  3 rime drakes (Lair:5)
  An unseen horror (D:10)
  An efreet (D:14)
  13 komodo dragons
  2 tengu conjurers (D:15)
  6 trolls
  5 blink frogs
  6 slime creatures
  A wind drake (shapeshifter) (D:13)
  2 centaur simulacra (D:15)
  2 shadows (D:12)
  A wyvern (D:9)
  2 wraiths
  26 yaks
  A hog (D:13)
  2 fire elementals (D:15)
  10 humans (D:13)
  2 basilisks
  A steam dragon (D:8)
  6 vampire mosquitoes
  2 acid dragons
  25 nagas
  4 wargs
  9 water moccasins
  2 black bears
  2 hell hounds (D:15)
  2 ice beasts
  19 orc warriors
  3 sky beasts (D:7)
  5 ogres
  5 wolves (Lair:5)
  7 centaurs
  A phantom (D:5)
  3 kobold brigands
  7 bullfrogs
  3 scorpions
  3 necrophages (D:6)
  2 gnoll sergeants
  12 wights
  A troll zombie (Orc:1)
  14 killer bees
  2 electric eels (Lair:4)
  6 howler monkeys
  A hound (D:5)
  A jelly (D:6)
  13 orc priests
  A quasit (D:5)
  3 human zombies (D:13)
  Ijyb (D:4)
  2 gnoll boudas
  13 orc wizards
  6 adders
  12 gnolls
  3 shadow imps
  5 white imps (D:5)
  2 ufetubi (D:5)
  A worm (D:2)
  A dart slug (D:4)
  44 orcs
  5 ball pythons
  7 bats
  4 endoplasms
  A giant cockroach (D:3)
  8 hobgoblins
  6 jackals
  A quokka (D:4)
  3 frilled lizards
  7 goblins
  23 kobolds
  5 orc zombies
  5 rats
588 creatures vanquished.

Vanquished Creatures (collateral kills)
  Gastronok (Lair:1)
  A nagaraja (Snake:2)
  2 salamander tyrants (Snake:4)
  3 anacondas
  4 hydras
  2 naga warriors (Snake:4)
  3 death yaks
  A deep troll shaman (Lair:5)
  An orc high priest (Orc:2)
  3 naga sharpshooters
  A salamander mystic (Snake:4)
  2 shock serpents
  A skeletal warrior (D:12)
  2 naga ritualists
  A wizard (D:14)
  3 mana vipers
  An orc sorcerer (Orc:2)
  A wolf spider (D:15)
  5 salamanders
  A guardian serpent (Snake:4)
  4 elephants (Lair:5)
  4 black mambas
  7 naga magi
  A torpor snail (Lair:1)
  A cane toad (Lair:1)
  A komodo dragon (Lair:2)
  2 blink frogs (Lair:3)
  3 slime creatures
  5 yaks
  6 humans (D:13)
  2 vampire mosquitoes
  A water moccasin (Lair:2)
  7 nagas
  3 black bears
  4 orc warriors
  A centaur (Lair:2)
  4 bullfrogs
  2 killer bees
  An orc priest (Orc:2)
  A gnoll (D:10)
  An ufetubus (D:6)
  7 orcs
107 creatures vanquished.

Vanquished Creatures (others)
  A wolf spider zombie (D:15)
  4 anaconda zombies
  A shock serpent zombie (Snake:1)
  A catoblepas zombie (Lair:1)
  A death yak zombie (Lair:2)
  3 mana viper zombies
  3 hydra zombies
  11 black mamba zombies
  A boulder beetle zombie (D:15)
  A slime creature zombie (D:15)
  3 cane toad zombies
  3 blink frog zombies (Lair:3)
  2 elephant zombies (Lair:5)
  7 human zombies
  A rime drake zombie (Lair:5)
  A vampire mosquito zombie (D:12)
  2 komodo dragon zombies
  8 salamander zombies
  2 hell hound zombies (D:15)
  A wyvern zombie (D:9)
  3 water moccasin zombies
  3 warg zombies (D:12)
  2 tengu zombies (D:15)
  10 yak zombies
  A wolf zombie (Lair:5)
  2 bullfrog zombies
  3 centaur zombies (Lair:2)
  2 black bear zombies (Lair:5)
  A basilisk zombie (Lair:3)
  An orc priest (Orc:2)
  An orc wizard (Orc:2)
  4 killer bee zombies
  7 naga zombies
  2 howler monkey zombies (D:9)
  3 gnoll zombies
  8 kobold zombies
  33 orc zombies
  5 demonic plants (D:5)
  41 fungi
  78 plants
267 creatures vanquished.

Grand Total: 962 creatures vanquished

Notes
Turn   | Place    | Note
-------+----------+-------------------------------------------
     0 | D:1      | SnakkuSnakku7 the Merfolk Air Elementalist began the quest
                  | for the Orb.
     0 | D:1      | Reached XP level 1. HP: 13/13 MP: 3/3
    55 | D:1      | Reached skill level 1 in Fighting
   170 | D:1      | Reached XP level 2. HP: 8/21 MP: 0/5
   236 | D:1      | Reached skill level 1 in Unarmed Combat
  1263 | D:1      | Reached XP level 3. HP: 21/27 MP: 6/6
  1269 | D:1      | You fall into a shaft and drop 1 floor!
  1503 | D:2      | Found Bopt's General Store.
  1512 | D:2      | Bought a potion of curing for 39 gold pieces
  1587 | D:2      | Found a faded altar of an unknown god.
  1952 | D:2      | Found a radiant altar of Vehumet.
  2052 | D:2      | Reached XP level 4. HP: 32/34 MP: 7/7
  2952 | D:3      | Identified the +8 long sword of Past Mistakes {elec, +Blink
                  | rElec rPois rF- rC+}
  3052 | D:3      | Reached skill level 1 in Long Blades
  3278 | D:3      | Reached XP level 5. HP: 28/39 MP: 8/8
  3820 | D:4      | Noticed Ijyb
  3829 | D:4      | Killed Ijyb
  4199 | D:4      | Noticed a black bear
  4208 | D:4      | Killed a black bear
  4209 | D:4      | Reached skill level 5 in Long Blades
  4209 | D:4      | Reached XP level 6. HP: 37/46 MP: 9/9
  4473 | D:5      | Entered Level 5 of the Dungeon
  4660 | D:2      | Bought a potion of lignification for 39 gold pieces
  4660 | D:2      | Bought a scroll of poison for 52 gold pieces
  4660 | D:2      | Bought a potion of curing for 39 gold pieces
  5190 | D:5      | Reached XP level 7. HP: 51/51 MP: 10/10
  5833 | D:6      | Reached XP level 8. HP: 57/57 MP: 11/11
  5882 | D:6      | Found a staircase to the Ecumenical Temple.
  5893 | Temple   | Entered the Ecumenical Temple
  5898 | Temple   | Became a worshipper of Yredelemnul the Dark
  5920 | D:6      | Reached * piety under Yredelemnul
  6105 | D:6      | Reached ** piety under Yredelemnul
  6138 | D:6      | Reached skill level 10 in Long Blades
  6311 | D:6      | Reached *** piety under Yredelemnul
  6485 | D:6      | Reached **** piety under Yredelemnul
  6842 | D:6      | Found a sparkling altar of Nemelex Xobeh.
  7019 | D:7      | Reached XP level 9. HP: 59/62 MP: 12/12
  7597 | D:7      | Reached ***** piety under Yredelemnul
  7672 | D:7      | Found Lam Margh's Weapon Boutique.
  8121 | D:8      | Noticed an eight-headed hydra
  8138 | D:8      | Reached skill level 5 in Fighting
  8616 | D:7      | Reached skill level 1 in Evocations
  8681 | D:8      | Reached XP level 10. HP: 60/75 MP: 13/13
  9426 | D:8      | Reached skill level 5 in Evocations
 10523 | D:9      | Identified the ring "Raned" {rElec rF+ Will+}
 10706 | D:9      | Identified the +4 ring mail "Coiguzeg" {Contam rPois Will+
                  | Str+2}
 10758 | D:9      | Found an ornate altar of the Wu Jian Council.
 11027 | D:9      | Found a burning altar of Makhleb.
 11027 | D:9      | Found a shimmering blue altar of Sif Muna.
 11027 | D:9      | Found a shimmering altar of Xom.
 11028 | D:9      | Found an opulent altar of Gozag.
 11197 | D:10     | Entered Level 10 of the Dungeon
 11291 | D:10     | Noticed a gargoyle
 11297 | D:10     | Killed a gargoyle
 11647 | D:10     | Found a staircase to the Lair.
 11734 | D:10     | Noticed a manticore
 11743 | D:10     | Killed a manticore
 11744 | D:10     | Reached XP level 11. HP: 70/86 MP: 14/14
 12050 | D:10     | Found an ancient bone altar of Kikubaaqudgha.
 12259 | D:10     | Identified the +1 helmet of Qienodd {rCorr Dex-3 Slay+3}
 12552 | Lair:1   | Entered Level 1 of the Lair of Beasts
 12716 | Lair:1   | You fall into a shaft and drop 1 floor!
 12751 | Lair:2   | Identified a scroll of acquirement
 12751 | Lair:2   | Acquired the +3 helmet of Somewhere Else {SInv Stlth+}
 12902 | Lair:2   | Found a staircase to the Snake Pit.
 12950 | Lair:2   | Reached skill level 10 in Fighting
 13355 | Lair:2   | Noticed Harold
 13363 | Lair:2   | Killed Harold
 13389 | Lair:2   | Found a staircase to the Shoals.
 13567 | Lair:2   | Noticed a death yak
 13568 | Lair:2   | Noticed a death yak
 13568 | Lair:2   | Noticed a death yak
 13569 | Lair:2   | Noticed a death yak
 13573 | Lair:2   | Noticed a death yak
 13587 | Lair:2   | Your ally Harold died
 13619 | Lair:1   | Noticed Gastronok
 13638 | Lair:1   | Killed Gastronok
 13734 | Lair:1   | Reached XP level 12. HP: 90/102 MP: 15/15
 13770 | Lair:1   | Noticed a catoblepas
 13779 | Lair:1   | Killed a catoblepas
 13779 | Lair:1   | Reached ****** piety under Yredelemnul
 13859 | Lair:1   | Found a snail-covered altar of Cheibriados.
 13890 | Lair:1   | Reached skill level 10 in Dodging
 14517 | Lair:1   | Killed a death yak
 14582 | Lair:2   | Killed a death yak
 14585 | Lair:2   | Killed a death yak
 14591 | Lair:2   | Killed a death yak
 14600 | Lair:2   | Killed a death yak
 14772 | Lair:2   | Found an ornate altar of the Wu Jian Council.
 14780 | Lair:2   | Noticed a boulder beetle
 14789 | Lair:2   | Found a hide-covered altar of Uskayaw.
 14794 | Lair:2   | Killed a boulder beetle
 15407 | Lair:3   | Noticed a six-headed hydra
 15421 | Lair:3   | Killed a seven-headed hydra
 15661 | Lair:3   | Reached XP level 13. HP: 108/108 MP: 16/16
 15843 | Lair:3   | Reached skill level 15 in Dodging
 15845 | Lair:3   | Reached skill level 1 in Armour
 16358 | Lair:3   | Noticed Snorg
 16381 | Lair:3   | Killed Snorg
 17778 | Lair:5   | Entered Level 5 of the Lair of Beasts
 17858 | Lair:5   | Reached skill level 5 in Armour
 18824 | Lair:5   | Reached XP level 14. HP: 94/115 MP: 17/17
 18831 | Lair:5   | Noticed a dire elephant
 18847 | Lair:5   | Killed a dire elephant
 18995 | Lair:5   | Found a staircase to the Slime Pits.
 19443 | D:11     | Noticed Erica
 19451 | D:11     | Killed Erica
 20292 | D:12     | Noticed Nergalle
 20314 | D:12     | Killed Nergalle
 20603 | D:12     | Reached skill level 10 in Armour
 20835 | D:12     | Found a runed translucent gate.
 20836 | D:12     | Found a runed translucent gate.
 20836 | D:12     | Noticed Xqipyl's ghost (journeyman GrFE)
 20881 | D:12     | Reached skill level 1 in Invocations
 20908 | D:12     | Reached skill level 2 in Invocations
 20923 | D:12     | Reached skill level 3 in Invocations
 21388 | D:12     | Reached skill level 4 in Invocations
 21425 | D:12     | Found a staircase to the Orcish Mines.
 21584 | D:12     | Found a runed translucent gate.
 21607 | D:12     | Reached skill level 5 in Invocations
 22082 | D:12     | Reached skill level 6 in Invocations
 22300 | Orc:1    | Entered Level 1 of the Orcish Mines
 22460 | Orc:2    | Entered Level 2 of the Orcish Mines
 22483 | Orc:2    | Found Hesmukla's Magic Scroll Emporium.
 22514 | Orc:2    | Bought a scroll of teleportation for 33 gold pieces
 22514 | Orc:2    | Bought a scroll of enchant weapon for 82 gold pieces
 22514 | Orc:2    | Bought a scroll of teleportation for 33 gold pieces
 22514 | Orc:2    | Bought a scroll of fog for 44 gold pieces
 22514 | Orc:2    | Bought a scroll of teleportation for 33 gold pieces
 22514 | Orc:2    | Bought a scroll of fear for 44 gold pieces
 22514 | Orc:2    | Bought a scroll of magic mapping for 82 gold pieces
 22517 | Orc:2    | Bought a scroll of identify for 22 gold pieces
 22520 | Orc:2    | Bought a scroll of identify for 22 gold pieces
 22642 | Orc:2    | Found a staircase to the Elven Halls.
 22699 | Orc:2    | Reached skill level 7 in Invocations
 23535 | Orc:2    | Reached skill level 8 in Invocations
 24231 | Orc:2    | Found Tolaydot's Magic Scroll Shop.
 24231 | Orc:2    | Found Luriash's Armour Shoppe.
 24233 | Orc:2    | Found Fuhat's Book Shop.
 24233 | Orc:2    | Found Zigehir's Antique Armour Shoppe.
 24238 | Orc:2    | Bought a scroll of magic mapping for 97 gold pieces
 24238 | Orc:2    | Bought a scroll of teleportation for 39 gold pieces
 24243 | Orc:2    | Bought the +1 cloak of Starlight {*Dazzle EV+4 Stlth--} for
                  | 518 gold pieces
 24243 | Orc:2    | Found the +1 cloak of Starlight {*Dazzle EV+4 Stlth--}
 24336 | Orc:1    | You fall into a shaft and drop 1 floor!
 24378 | Orc:1    | Noticed an orc warlord
 24383 | Orc:1    | Reached skill level 9 in Invocations
 24473 | Orc:1    | Reached XP level 15. HP: 113/120 MP: 21/21
 24494 | Orc:2    | Killed an orc warlord
 24960 | D:12     | Reached skill level 10 in Invocations
 24991 | D:13     | Found Hareeh Deak's Magic Scroll Boutique.
 25009 | D:13     | Bought a scroll of fear for 52 gold pieces
 25009 | D:13     | Bought a scroll of fear for 52 gold pieces
 25059 | D:13     | Noticed Urug
 25080 | D:13     | Identified the +7 mace of Wuth {vorpal, rC++ Will-}
 25111 | D:13     | Reached skill level 11 in Invocations
 25132 | D:13     | Killed Urug
 25139 | D:13     | Your ally Urug died
 25164 | D:13     | Found a gate to the Vaults.
 25438 | D:13     | Noticed Kirke
 25453 | D:13     | Killed Kirke
 25602 | D:13     | Found Mojof's Armour Shoppe.
 25616 | D:13     | Found Loagorgho's Antique Weapon Shoppe.
 25625 | D:13     | Found Mute's Distillery.
 25633 | D:13     | Bought a potion of curing for 36 gold pieces
 25633 | D:13     | Bought a potion of heal wounds for 60 gold pieces
 25633 | D:13     | Bought a potion of curing for 36 gold pieces
 25708 | D:13     | Found Gouz's Book Shoppe.
 25955 | D:14     | Reached skill level 15 in Long Blades
 26411 | D:15     | Entered Level 15 of the Dungeon
 26708 | D:15     | Found a staircase to the Depths.
 26918 | D:15     | Found a glowing silver altar of Zin.
 26918 | D:15     | Noticed an angel
 26955 | D:15     | Noticed Azrael
 27349 | D:15     | Killed Azrael
 27558 | D:15     | Reached skill level 12 in Invocations
 27600 | D:15     | Reached skill level 1 in Shields
 27966 | Snake:1  | Entered Level 1 of the Snake Pit
 28157 | Snake:1  | Reached skill level 5 in Shields
 28464 | Snake:1  | Reached XP level 16. HP: 122/127 MP: 25/25
 28844 | Snake:1  | Reached skill level 13 in Invocations
 29219 | Snake:2  | You fall into a shaft and drop 1 floor!
 29879 | Snake:3  | Reached skill level 14 in Invocations
 30399 | Snake:2  | Reached skill level 15 in Invocations
 30944 | Snake:2  | Found a runed translucent door.
 31098 | Snake:2  | Noticed a nagaraja
 31127 | Snake:2  | Killed a nagaraja
 31444 | Snake:2  | Reached skill level 16 in Invocations
 31570 | Snake:4  | Entered Level 4 of the Snake Pit
 31695 | Snake:4  | Noticed a nagaraja
 31695 | Snake:4  | Noticed a nagaraja
 31909 | Snake:4  | Reached skill level 17 in Invocations
 31909 | Snake:4  | Reached XP level 17. HP: 68/133 MP: 29/29
 32604 | Snake:4  | Reached skill level 18 in Invocations
 32617 | Snake:4  | HP: 5/133 [naga warrior/+3 trident (19)]
 32617 | Snake:4  | Mangled by a salamander

Illustrated notes

Levels and vault maps discovered:
D:1:      lightli_arrival_boilingwater, layout_basic
D:2:      layout_basic, shapermc_ecumenical_altar_petra, basic_altar,
          serial_shops, shop
D:3:      layout_basic, kennysheep_generic_room_6
D:4:      layout_rooms, uniq_ijyb
D:5:      layout_rooms, serial_demonic, serial_demonic_g, serial_demonic_e,
          serial_demonic_c, serial_demonic_c, grunt_decor_cap
D:6:      layout_basic, mainiacjoe_overflow_alcove_1, minmay_temple_entry_hall,
          grunt_ministairs_2
D:7:      layout_basic, serial_shops, nicolae_shop_bloodbath_and_beyond,
          minmay_misc_feat_hallway
D:8:      layout_cave_pools
D:9:      layout_rooms, mainiacjoe_overflow_small_starburst,
          chequers_temple_overflow_statue_of_worship
D:10:     kennysheep_blocky_hall, layout_gridville, kiku_gazebo_pond_becter,
          lair_entry_dummy, minmay_checkerbox
D:11:     layout_layer_cave, uniq_erica
D:12:     layout_stronghold, minmay_orc_entry_guard_dogs,
          gammafunk_ghost_hydra_chop, uniq_nergalle
D:13:     layout_long_grid, david_vaults_3, serial_shops, shop, shop,
          nicolae_shop_hallway_stairs, shop, nicolae_shop_stone, uniq_kirke,
          uniq_urug
D:14:     layout_loops_ring, minmay_misc_feat_diagonals
D:15:     hangedman_depths_entry_try_elsewhere_first, layout_rooms, zin_angel,
          uniq_azrael
Temple:   minmay_freezing_vapour_temple
Lair:1:   layout_regular_city, nicolae_lair_lil_pond, kennysheep_snail_temple,
          lemuel_fruit_tree, uniq_gastronok
Lair:2:   layout_cave_pods, minmay_shoals_entry_centaurs, dummy_snake_entry,
          nzn_masters_of_martial_movement, grunt_megastairs_5, uniq_harold
Lair:3:   layout_cave_pods, grunt_megastairs_3, serial_bayou_shore_b, uniq_snorg
Lair:4:   layout_cave_pods, serial_bayou, serial_bayou_pond_a,
          serial_bayou_ford_a, serial_bayou_pond_b, serial_bayou_shore_a,
          chequers_serial_rivers_marsh, serial_bayou_pond_b
Lair:5:   grunt_lair_end_beastmaster, layout_long_grid, slime_entry_1,
          chequers_serial_rivers_room_a
Snake:1:  layout_rooms, st_stairs_10, serial_bayou_shore_b
Snake:2:  layout_rooms, lightli_airlock
Snake:3:  layout_basic, guppyfry_library_mini
Snake:4:  snake_pit, layout_onion_interference, nicolae_snake_omega, uniq_nikola
Orc:1:    layout_caves
Orc:2:    grunt_orc_tribal_feast, layout_caves, serial_shops, shop_scrolls

Skill      XL: |  1  2  3  4  5  6  7  8  9 10 11 12 13 14 15 16 17 |
---------------+----------------------------------------------------+-----
Fighting       | 1 2 5 8 12 | 12.0
Unarmed Combat | 1 2 |  2.7
Long Blades    | 2 5 6 9 12 14 16 | 16.0
Evocations     | 2 8 |  8.0
Dodging        | 7 14 15 | 15.0
Armour         | 8 10 | 10.0
Invocations    | 9 12 17 18 | 18.0
Shields        | 5 |  5.0
Stealth        | |  2.1
Spellcasting   | |  2.0
Conjurations   | |  0.7
Air Magic      | |  2.4

Action                   |  1- 3 |  4- 6 |  7- 9 | 10-12 | 13-15 | 16-18 || total
-------------------------+-------+-------+-------+-------+-------+-------++-------
Melee: Unarmed           |   103 |    21 |       |       |       |       ||   124
       Tailslap          |     2 |       |       |     8 |     2 |       ||    12
       Punch             |     2 |       |     4 |    15 |    34 |       ||    55
       Long sword        |       |   107 |   203 |   409 |   891 |       ||  1610
       Scimitar          |       |       |       |       |    29 |       ||    29
       Double sword      |       |       |       |       |   226 |   465 ||   691
Throw: Dart              |       |       |       |     2 |       |       ||     2
 Cast: Shock             |    40 |       |       |       |       |       ||    40
Invok: Recall Undead Har |       |       |       |     1 |     1 |       ||     2
       Dark Bargain      |       |       |       |       |     1 |     1 ||     2
       Drain Life        |       |       |       |       |       |     3 ||     3
Evoke: Wand              |       |       |     5 |     8 |     2 |       ||    15
       Condenser vane    |       |       |       |       |     3 |       ||     3
       Tin of tremorston |       |       |       |       |     2 |     2 ||     4
  Use: Scroll            |       |     1 |       |    15 |    10 |     4 ||    30
       Potion            |       |       |     1 |       |       |     2 ||     3
 Stab: Sleeping          |     2 |     1 |       |     4 |     5 |       ||    12
       Distracted        |       |       |       |     6 |    15 |     8 ||    29
       Invisible         |       |       |       |       |    16 |    17 ||    33
Armor: Robe              |    24 |     1 |       |       |       |       ||    25
       Scale mail        |       |    54 |    90 |    40 |       |       ||   184
       Ring mail         |       |       |       |   103 |   300 |   104 ||   507
Dodge: Dodged            |    81 |    46 |   109 |   237 |   986 |   494 ||  1953
Block: Buckler           |       |       |       |       |    46 |   111 ||   157
